Construct Medical Station
Construct Weapon Support Center
Selects Airborne Battlegroup
Selects Paratrooper Squad Paradrop
M3 Armored Personnel Carrier
Selects Anti-tank Gun Team Paradrop
Selects Smoke Bombing Run
M4(105) Sherman Bulldozer
Anti-tank Gun Team Paradrop
Advanced Air Reconnaissance
Selects Carpet Bombing Run
Grasshopper High-Altitude Recon Run
Grasshopper High-Altitude Recon Run
M18 Hellcat Tank Destroyer
M1918 Browning Automatic Rifles
Grasshopper High-Altitude Recon Run
Anti-tank Gun Team Paradrop
Grasshopper High-Altitude Recon Run
Anti-tank Gun Team Paradrop
Grasshopper High-Altitude Recon Run
Grasshopper High-Altitude Recon Run